 Dungeon Crawl Stone Soup version 0.31.0-32-g396128a36d (webtiles) character file.

Game seed: 9478825346003506113

19958 Peloso the Carver (level 12, -2/110 HPs)
             Began as a Minotaur Fighter on Mar 24, 2024.
             Was a High Priest of Okawaru.
             Killed from afar by a kobold blastminer (23 damage)
             ... with an iron shot
             ... on level 12 of the Dungeon.
             The game lasted 00:37:21 (17731 turns).

Peloso the Carver (Minotaur Fighter)               Turns: 17731, Time: 00:37:22

Health: -2/110     AC: 18    Str: 30    XL:     12   Next: 41%
Magic:  11/11      EV: 12    Int:  2    God:    Okawaru [*****.]
Gold:   65         SH: 11    Dex: 14    Spells: 11/11 levels left

rFire   . . .        c - +4 long sword of Plunder {flame, Will- rCorr Str+8 Int-3}
rCold   . . .        d - +0 kite shield
rNeg    . . .        F - +4 chain mail "Couzxip" {+Inv rPois Will+}
rPois   +            (helmet restricted)
rElec   .            q - +0 cloak
rCorr   +            (no gloves)
SInv    .            (no boots)
Will    .....        h - amulet of the acrobat Stlth
                     (no ring)
HPRegen 0.38/turn    (no ring)
MPRegen 0.12/turn

%: acrobat
@: spiked, studying Dodging
A: horns 2, retaliatory headbutt
a: Renounce Religion, Evoke Invisibility, Heroism, Finesse, Duel


You were on level 12 of the Dungeon.
You worshipped Okawaru.
Okawaru was extremely pleased with you.
You visited 3 branches of the dungeon, and saw 15 of its levels.

You collected 741 gold pieces.
You spent 676 gold pieces at shops.

Inventory:

Hand Weapons
 a - a +3 scimitar
 b - a +2 long sword of flaming
 c - the +4 long sword of Plunder (weapon) {flame, Will- rCorr Str+8 Int-3}
   (You found it on level 1 of the Lair of Beasts)

   Str+8:     It affects your strength (+8).
   Int-3:     It affects your intelligence (-3).
   Will-:     It decreases your willpower.
   rCorr:     It protects you from acid and corrosion.
Missiles
 k - 5 throwing nets (quivered)
Armour
 d - a +0 kite shield (worn)
 j - a +0 chain mail
 q - a +0 cloak (worn)
 F - the +4 chain mail "Couzxip" (worn) {+Inv rPois Will+}
   (You bought it in a shop on level 3 of the Dungeon)

   rPois:     It protects you from poison Will+: It increases your willpower.
   +Inv:      It lets you turn invisible.
Jewellery
 e - an amulet of guardian spirit
 h - an amulet of the acrobat (around neck)
 o - an amulet of faith
 t - a +5 ring of evasion
Talismans
 m - a serpent talisman
Wands
 p - a wand of mindburst (8)
 y - a wand of flame (6)
 B - a wand of roots (4)
 C - a wand of paralysis (5)
Scrolls
 g - a scroll of enchant weapon
 i - a scroll of noise {unknown}
 r - 2 scrolls of immolation
 s - a scroll of revelation
 u - a scroll of fog
 v - a scroll of teleportation
 E - a scroll of amnesia
 G - a scroll of poison {unknown}
Potions
 f - 5 potions of curing
 l - 3 potions of lignification
 n - 2 potions of haste
 w - 3 potions of brilliance
 x - a potion of might
 z - a potion of berserk rage
 A - 3 potions of enlightenment
 D - a potion of resistance


   Skills:
 + Level 11.1 Fighting
 + Level 14.7 Long Blades
 + Level 13.4 Armour
 + Level 6.9 Dodging
 + Level 2.4 Stealth
 + Level 9.2 Shields
 + Level 1.0 Evocations


You had 11 spell levels left.
You didn't know any spells.
Your spell library contained the following spells:

 Spells                   Type           Power      Damage    Failure   Level
 Kiss of Death            Conj/Necr      0%         2d5       97%         1
 Confusing Touch          Hex            0%         N/A       100%        3
 Dispel Undead            Necr           0%         3d6       100%        4
 Iskenderun's Battlesphe  Conj           0%         2d6       100%        5
 Bombard                  Conj/Erth      0%         9d1       100%        6
 Spellforged Servitor     Conj/Summ      Unusable   N/A       N/A         7

Dungeon Overview and Level Annotations

Branches:
Dungeon (12/15)            Temple (1/1) D:7            Lair (2/5) D:11
    Orc (0/2) D:9
  Swamp: Lair:2-3    Shoals: Lair:2-3     Snake: Lair:2-3    Spider: Lair:2-3

Altars:
Ashenzari
Cheibriados
Dithmenos
Elyvilon
Fedhas
Gozag
Hepliaklqana
Kikubaaqudgha
Makhleb
Nemelex Xobeh
Okawaru
Qazlal
Ru
Sif Muna
Trog
Uskayaw
Vehumet
Wu Jian
Xom
Yredelemnul
Zin
The Shining One
Jiyva

Shops:
D:3 [   D:12 =

Annotations:
D:3 3 runed translucent doors, Marvel's ghost, amateur HOFi
D:11 Volare
D:12 exclusion: obsidian statue


Innate Abilities, Weirdness & Mutations

You have a pair of horns on your head.
You reflexively headbutt those who attack you in melee.


Message History

The red devil hits you from afar with a +0 trident.
Barbed spikes become lodged in your body.
The sixfirhy hits you. The sixfirhy shocks you!
You miss the sixfirhy. You headbutt the sixfirhy!
The sixfirhy is moderately wounded.
You block the sixfirhy's attack. The sixfirhy barely misses you.
You block the kobold's attack.
The kobold blastminer shoots a bolt.
The bolt hits you but does no damage. The red devil completely misses you.
Unknown command.
You closely miss the sixfirhy. Your headbutt misses the sixfirhy.
The sixfirhy is moderately wounded.
The red devil disappears in a puff of smoke!
The kobold brigand closely misses you. You furiously retaliate!
You headbutt the kobold brigand! You block the kobold's attack.
The kobold blastminer shoots a bolt.
The bolt closely misses you. The red devil completely misses you.
You miss the sixfirhy.
The sixfirhy is moderately wounded.
The kobold brigand hits you with a +0 dagger.
The kobold hits you but does no damage.
The kobold blastminer shoots a bolt.
The bolt hits you.
* * * LOW HITPOINT WARNING * * *
Unknown command.
You slice the sixfirhy!! You burn the sixfirhy.
The sixfirhy is severely wounded.
You block the red devil's attack.
The sixfirhy hits you but does no damage.
You block the kobold brigand's attack.
The crimson imp blinks!
The kobold misses you.
Unknown command.
You barely miss the sixfirhy.
You headbutt the sixfirhy, but do no damage.
The sixfirhy is severely wounded.
You block the sixfirhy's attack. The sixfirhy hits you.
* * * LOW HITPOINT WARNING * * *
The sixfirhy shocks you!
* * * LOW HITPOINT WARNING * * *
The kobold blastminer blasts its cannon at you.
The iron shot hits you!!
You die...

# ##... #.#PP#
#P..... ###≈~..~..
#..~.~....
#.!..≈...~
#############
#=[K58~.~~~.#
......∩.†).)#
#)@34K..~~..#
><.(######..#
#..K5K..P...####
....# #..#
#.#K55.~....P..#
....# #).#
#####5K.....P.
....# #..#
####.....# ....#
#..# #..####))..#
....# #..#
##...~5.....#
....#
#..##......KKP5..#
....#
#..#$.....K~~....#


You could see a kobold demonologist, a kobold blastminer, a sixfirhy (summoned),
a red devil (summoned), 2 kobold brigands, a quasit (summoned), a crimson imp
(summoned), 2 white imps, a shadow imp (summoned) and 2 kobolds.

Vanquished Creatures
  A centaur warrior (D:11)
  2 two-headed ogres
  A deep elf pyromancer (D:7)
  An ugly thing (D:11)
  2 cyclopes
  4 cane toads
  A molten gargoyle (Lair:2)
  2 unseen horrors (D:11)
  4 rime drakes
  2 kobold demonologists
  4 trolls
  3 komodo dragons
  A hornet (D:9)
  4 blink frogs
  A slime creature (D:10)
  Sigmund (D:5)
  3 wraiths
  A water elemental (D:11)
  15 yaks
  A vampire (D:9)
  A basilisk (D:7)
  Eustachio (D:4)
  2 steam dragons (D:7)
  Menkaure (D:4)
  2 vampire mosquitoes (D:12)
  Edmund (D:4)
  6 water moccasins
  A black bear (D:4)
  A sky beast (D:7)
  2 ice beasts
  3 orc warriors
  2 ogres
  13 wolves
  A phantom (D:7)
  7 kobold brigands
  10 bullfrogs
  A gnoll sergeant (D:9)
  3 necrophages (D:8)
  A wyvern zombie (D:8)
  3 scorpions
  6 wights
  9 killer bees (D:8)
  2 howler monkeys (D:9)
  3 electric eels (D:11)
  2 centaur zombies (D:8)
  2 hounds
  3 jellies (D:10)
  Crazy Yiuf (D:4)
  A gnoll bouda (D:8)
  9 orc priests
  An iron imp (D:12)
  2 sleepcaps
  2 iguanas (D:5)
  10 orc wizards
  A scorpion zombie (D:3)
  A hound zombie (D:3)
  A howler monkey zombie (D:8)
  8 adders
  15 gnolls
  A shadow imp (D:6)
  A white imp (D:7)
  5 ufetubi
  A dart slug (D:5)
  A ribbon worm (D:2)
  36 orcs
  2 endoplasms (D:2)
  3 giant cockroaches
  8 goblins
  10 hobgoblins
  4 jackals (D:1)
  6 quokkas
  8 ball pythons
  6 bats
  4 frilled lizards
  21 kobolds
  5 rats
317 creatures vanquished.

Notes
Turn   | Place    | Note
-------+----------+-------------------------------------------
     0 | D:1      | Peloso the Minotaur Fighter began the quest for the Orb.
     0 | D:1      | Reached XP level 1. HP: 19/19 MP: 0/0
    72 | D:1      | Reached XP level 2. HP: 26/27 MP: 1/1
   615 | D:1      | Reached XP level 3. HP: 33/33 MP: 2/2
   887 | D:2      | Reached skill level 3 in Long Blades
  1359 | D:2      | Reached XP level 4. HP: 35/41 MP: 3/3
  1871 | D:3      | Found a faded altar of an unknown god.
  1953 | D:3      | Found a runed translucent gate.
  1953 | D:3      | Found a runed translucent gate.
  1953 | D:3      | Found a runed translucent gate.
  1953 | D:3      | Noticed Marvel's ghost (amateur HOFi)
  1955 | D:3      | Found a basalt altar of Yredelemnul.
  2074 | D:3      | Found Hioru's Armour Shop.
  2486 | D:4      | You fall into a shaft and drop 2 floors!
  2499 | D:5      | Entered Level 5 of the Dungeon
  2507 | D:6      | Reached XP level 5. HP: 47/47 MP: 4/4
  2524 | D:5      | Noticed an ice beast
  2546 | D:6      | Reached skill level 4 in Long Blades
  2823 | D:5      | Killed an ice beast
  2824 | D:5      | Reached skill level 5 in Armour
  2824 | D:5      | Reached skill level 1 in Dodging
  2935 | D:5      | Reached XP level 6. HP: 35/55 MP: 5/5
  3045 | D:4      | Noticed Menkaure
  3170 | D:4      | Killed Menkaure
  3171 | D:4      | Reached skill level 5 in Long Blades
  3323 | D:4      | Found a runed translucent door.
  3324 | D:4      | Noticed Crazy Yiuf
  3348 | D:4      | Reached skill level 5 in Fighting
  3423 | D:4      | Noticed Eustachio
  3430 | D:4      | Found a hazy altar of Hepliaklqana.
  3445 | D:4      | Killed Eustachio
  3446 | D:4      | Reached skill level 6 in Long Blades
  3446 | D:4      | Reached XP level 7. HP: 53/61 MP: 6/6
  3615 | D:4      | Noticed Edmund
  3630 | D:4      | Killed Edmund
  3926 | D:4      | Killed Crazy Yiuf
  4193 | D:6      | Found an ancient bone altar of Kikubaaqudgha.
  4204 | D:6      | Found a shadowy altar of Dithmenos.
  4498 | D:6      | Reached skill level 7 in Long Blades
  4555 | D:6      | Found an ornate altar of the Wu Jian Council.
  4924 | D:6      | Reached XP level 8. HP: 53/70 MP: 7/7
  5085 | D:5      | Noticed Sigmund
  5111 | D:4      | Reached skill level 1 in Stealth
  5111 | D:4      | Reached skill level 5 in Shields
  5120 | D:4      | Reached skill level 8 in Long Blades
  5259 | D:5      | Killed Sigmund
  6269 | D:7      | Found a staircase to the Ecumenical Temple.
  6286 | Temple   | Entered the Ecumenical Temple
  6315 | D:7      | Reached skill level 9 in Long Blades
  6463 | D:7      | Reached XP level 9. HP: 57/78 MP: 8/8
  6817 | D:7      | Found a burning altar of Makhleb.
  6912 | D:7      | Identified the +5 spear "Tik Focs" {flame, ^Fragile rPois
                  | rN+ Str+2}
  7242 | D:7      | Noticed a deep elf pyromancer
  7248 | D:7      | Noticed a cyclops
  7258 | D:7      | Reached skill level 10 in Long Blades
  7269 | D:7      | Killed a deep elf pyromancer
  7427 | D:7      | Killed a cyclops
  7655 | D:7      | Reached skill level 11 in Long Blades
  8000 | D:8      | Found a blossoming altar of Fedhas.
  8101 | D:8      | Found a sacrificial altar of Ru.
  8103 | D:8      | Noticed a two-headed ogre
  8115 | D:8      | Killed a two-headed ogre
  8116 | D:8      | Reached XP level 10. HP: 58/88 MP: 9/9
  8418 | D:8      | Found an opulent altar of Gozag.
  8902 | D:8      | Reached skill level 10 in Armour
  8948 | D:8      | Reached skill level 12 in Long Blades
  9774 | D:9      | Found a staircase to the Orcish Mines.
 10546 | D:9      | Reached skill level 5 in Dodging
 10548 | D:9      | Noticed a two-headed ogre
 10558 | D:9      | Killed a two-headed ogre
 11097 | D:9      | Reached skill level 13 in Long Blades
 11660 | D:10     | Entered Level 10 of the Dungeon
 11712 | D:10     | Found a viscous altar of Jiyva.
 11992 | D:10     | Reached XP level 11. HP: 50/95 MP: 10/10
 12160 | D:10     | Found an iron altar of Okawaru.
 12198 | D:10     | Became a worshipper of Warmaster Okawaru
 12615 | D:11     | Reached * piety under Okawaru
 12872 | D:11     | Noticed a red ugly thing
 12883 | D:11     | Killed a red ugly thing
 13589 | D:11     | Noticed a centaur warrior
 13608 | D:11     | Killed a centaur warrior
 13608 | D:11     | Reached ** piety under Okawaru
 13609 | D:11     | Reached skill level 14 in Long Blades
 14087 | D:11     | Found a staircase to the Lair.
 14097 | D:11     | Reached skill level 10 in Fighting
 14697 | Lair:1   | Entered Level 1 of the Lair of Beasts
 14938 | Lair:1   | Reached *** piety under Okawaru
 15321 | Lair:1   | Reached skill level 1 in Evocations
 15344 | Lair:1   | Reached **** piety under Okawaru
 15472 | Lair:1   | Identified the +4 long sword of Plunder {flame, Will- rCorr
                  | Str+8 Int-3}
 15494 | Lair:1   | Reached XP level 12. HP: 77/106 MP: 11/11
 16320 | Lair:2   | Reached ***** piety under Okawaru
 16714 | Lair:2   | Identified the +3 orcbow "Suac" {elec, rF+ rC+ Stlth+}
 17410 | D:3      | Bought the +4 chain mail "Couzxip" {+Inv rPois Will+} for
                  | 676 gold pieces
 17594 | D:12     | Found Tovovout's Jewellery Shoppe.
 17731 | D:12     | Killed from afar by a kobold blastminer

Illustrated notes

Levels and vault maps discovered:
D:1:      dpeg_arrival_morbid_curiosity, layout_basic
D:2:      layout_loops_cross
D:3:      layout_loops_ring, nicolae_yredelemnul_ghost_church, serial_shops,
          nicolae_shop_tiny_waterfront,
          dreamdust_ecumenical_altar_angels_and_demons, nicolae_eternal_life
D:4:      layout_loops_ring, nzn_hepliaklqana_mist_gate, uniq_menkaure,
          uniq_edmund, uniq_crazy_yiuf_cottage, uniq_eustachio
D:5:      layout_gridville, uniq_sigmund
D:6:      layout_basic, minitemple, mainiacjoe_overflow_surrounded_room,
          kennysheep_windowed_goal
D:7:      minmay_chambers_of_sevens, layout_loops_ring,
          lemuel_coloured_pillars_altar, minmay_temple_entry_waves,
          eino_tiny_chamber, minmay_a_box_with_orc_wizards_in_it
D:8:      layout_rooms, kennysheep_mini_moat, fedhas_altar_decomposition,
          nicolae_ru_awakened_eye, corner_web_ring
D:9:      layout_layer_cave, erik_orc_4
D:10:     layout_loops_cross, kennysheep_little_box, jiyva_altar_1
D:11:     layout_cave_pods, erik_lair_orcish_takeover, serial_bayou,
          serial_bayou_pond_e, serial_bayou_shore_b, serial_bayou_shore_a,
          serial_bayou_lagoon_a, minmay_rotating_lava
D:12:     kennysheep_kobold_grotto, layout_long_grid, serial_shops,
          nicolae_inconvenience_store, shop, shop, nicolae_shop_window_shopping
Temple:   nicolae_temple_ecumenical_triangle
Lair:1:   layout_regular_city
Lair:2:   layout_gridlike

Skill      XL: |  1  2  3  4  5  6  7  8  9 10 11 12 |
---------------+-------------------------------------+-----
Armour         | 4 5 6 8 9 10 12 13 | 13.4
Shields        | 4 5 6 8 9 |  9.2
Fighting       | 4 5 6 7 8 10 11 | 11.1
Long Blades    | 3 4 6 7 9 11 13 14 | 14.7
Dodging        | 1 2 3 4 5 6 |  6.9
Stealth        | 1 2 |  2.4
Evocations     | 1 |  1.0

Action                     |  1- 3 |  4- 6 |  7- 9 | 10-12 || total
---------------------------+-------+-------+-------+-------++-------
  Melee: Long sword        |   117 |   104 |    85 |   265 ||   571
         Headbutt          |    12 |    23 |    57 |   142 ||   234
         Scimitar          |       |       |   156 |   382 ||   538
  Evoke: Wand              |       |       |       |     3 ||     3
    Use: Potion            |     2 |       |     2 |     4 ||     8
         Scroll            |       |     6 |     2 |     7 ||    15
 Armour: Scale mail        |    96 |    62 |   129 |       ||   287
         Chain mail        |       |       |    20 |   411 ||   431
  Dodge: Dodged            |    56 |    42 |   142 |   324 ||   564
  Block: Buckler           |    49 |    28 |    60 |    53 ||   190
         Kite shield       |       |       |       |   238 ||   238
